AoeStats
← Mich_LDDG

Arena

510623541Analyzed
1v1 RM · 1d ago on Oct 1, 2026· 40m 24s· 2 players
Game mode
Random Map
Map size
Tiny (2 player)
Population
200
Speed
Normal
Resources
Standard
Victory
Conquest
Starting age
Dark Age
Ending age
Imperial Age
RankedLock teamsTeams togetherTeam positionsShared explorationLock speedFull tech treeHidden civsTurbo modeCheats
Victory
Defeat
🇫🇷 Vietnamese · France
507
+15
🇺🇸 Spanish · United States
484
-15
YoSoyMeistro
0:27 Loom
11:04 Feudal Age
11:27 Horse Collar
11:39 Double-Bit Axe
15:21 Wheelbarrow
14:34 Town Watch
14:44 Gold Mining
14:51 Stone Mining
20:06 Castle Age
19:30 Scale Barding Armor
21:27 Forging
22:11 Bow Saw
24:51 Heavy Plow
26:18 Stone Shaft Mining
27:19 Husbandry
27:30 Bloodlines
29:27 Iron Casting
30:49 Ballistics
31:25 Fortified Wall
31:02 Pikeman
33:44 Squires
33:30 Gambesons
33:49 Scale Mail Armor
37:24 Chain Mail Armor
38:00 Chain Barding Armor
Mich_LDDG
0:32 Loom
11:51 Feudal Age
12:13 Horse Collar
12:34 Double-Bit Axe
16:17 Gold Mining
19:28 Wheelbarrow
20:13 Stone Mining
22:57 Castle Age
21:52 Bloodlines
24:13 Heavy Plow
24:50 Bow Saw
26:35 Husbandry
26:25 Crossbowman
28:03 Fletching
28:15 Padded Archer Armor
28:23 Scale Barding Armor
29:10 Squires
31:08 Chain Barding Armor
30:59 Forging
30:46 Bodkin Arrow
31:07 Leather Archer Armor
33:29 Hand Cart
37:34 Imperial Age
35:53 Chatras
37:23 Iron Casting
40:32 Paper Money
Connection lost

Rejoining the realm…

Still unreachable

The connection could not be restored.

Session expired

The server has moved on; the page needs a fresh start.